AoeStats
← mapia76_2

Hideout

509314181Analyzed
1v1 RM · 7d ago on Sep 26, 2026· 30m 41s· 2 players
Game mode
Random Map
Map size
Tiny (2 player)
Population
200
Speed
Normal
Resources
Standard
Victory
Conquest
Starting age
Dark Age
Ending age
Imperial Age
RankedLock teamsTeams togetherTeam positionsShared explorationLock speedFull tech treeHidden civsTurbo modeCheats
Victory
Defeat
🇫🇮 Armenians · Finland
909
+16
🇩🇪 Goths · Germany
906
-42
mapia76_2
4:47 Loom
10:22 Feudal Age
10:58 Double-Bit Axe
12:55 Horse Collar
15:07 Man-at-Arms
23:39 Castle Age
24:58 Wheelbarrow
24:29 Heavy Plow
25:58 Gold Mining
26:21 Forging
26:11 Scale Mail Armor
26:30 Bow Saw
26:01 Long Swordsman
29:17 Hand Cart
28:47 Town Watch
Epe
8:13 Loom
10:02 Feudal Age
9:49 Loom
13:59 Forging
13:41 Fletching
14:27 Double-Bit Axe
16:21 Padded Archer Armor
22:06 Castle Age
20:02 Man-at-Arms
21:45 Long Swordsman
22:20 Gold Mining
22:39 Crossbowman
24:26 Bodkin Arrow
26:18 Horse Collar
28:18 Leather Archer Armor
28:14 Forging
Connection lost

Rejoining the realm…

Still unreachable

The connection could not be restored.

Session expired

The server has moved on; the page needs a fresh start.